 Dungeon Crawl Stone Soup version 0.28.0-43-g3370ac3207 (webtiles) character file.

Game seed: 6609281399905786513

18 olmar the Shield-Bearer (level 2, -4/19 HPs)
             Began as a Gargoyle Fighter on Mar 24, 2022.
             Slain by a gnoll
             ... wielding a +0 flail of holy wrath
              (5 damage)
             ... on level 2 of the Dungeon.
             The game lasted 00:02:22 (1118 turns).

olmar the Shield-Bearer (Gargoyle Fighter)          Turns: 1118, Time: 00:02:22

Health: -4/19      AC: 10    Str: 19    XL:     2   Next: 70%
Magic:  2/2        EV:  6    Int:  8    God:
Gold:   30         SH:  4    Dex:  9    Spells: 1/1 levels left

rFire   . . .      SeeInvis .   a - +0 flail
rCold   . . .      Faith    .   c - +0 buckler
rNeg    + . .      Spirit   .   b - +0 scale mail
rPois   ∞          Reflect  .   (no helmet)
rElec   +          Harm     .   (no cloak)
rCorr   .          Rampage  .   g - +0 pair of gloves
Will    .....                   (no boots)
Stlth   ..........              (no amulet)
HPRegen 0.06/turn               (no ring)
MPRegen 0.08/turn               (no ring)

@: brilliant, about to teleport, constricted
A: sickness immunity, AC +2, negative energy resistance 1, electricity
resistance, torment resistance 1, petrification resistance
a: no special abilities


You were on level 2 of the Dungeon.
You visited 1 branch of the dungeon, and saw 2 of its levels.

You collected 30 gold pieces.

Inventory:

Hand Weapons
 a - a +0 flail (weapon)
Armour
 b - a +0 scale mail (worn)
 c - a +0 buckler (worn)
 g - a +0 pair of gloves (worn)
Potions
 d - a potion of might


   Skills:
 + Level 3.5 Fighting
 + Level 2.1 Maces & Flails
 + Level 3.6 Armour
 + Level 3.7 Shields


You had one spell level left.
You didn't know any spells.
Your spell library was empty.

Dungeon Overview and Level Annotations

Branches:
Dungeon (2/15)

Altars:


Innate Abilities, Weirdness & Mutations

You are immune to sickness and miasma.
Your stone body is resilient. (AC +2)
You are immune to poison.
You resist negative energy. (rN+)
You are resistant to electric shocks. (rElec)
You are resistant to unholy torment.
You are immune to petrification.


Message History

The gnoll hits you with a +0 flail of holy wrath.
The gnoll hits you but does no damage.
The ball python bites you but does no damage.
The ball python constricts you.
Unknown command.
The ball python's grasp on you weakens, but your attempt to escape fails.
The gnoll completely misses you.
The ball python bites you but does no damage.
The ball python constricts you.
The gnoll hits you from afar with a +0 spear.
Unknown command.
The ball python's grasp on you weakens, but your attempt to escape fails.
You block the gnoll's attack. The ball python bites you.
* * * LOW HITPOINT WARNING * * *
The ball python constricts you.
* * * LOW HITPOINT WARNING * * *
The gnoll hits you but does no damage.
Unknown command.
Unknown command.
It was a potion of brilliance.
You feel clever all of a sudden. The gnoll barely misses you.
The ball python bites you but does no damage.
The ball python constricts you. You block the gnoll's attack.
Unknown command.
As you read the scroll labelled ZEBUOGAKOU, it crumbles to dust.
It is a scroll of identify.
h - a scroll of teleportation The ball python bites you but does no damage.
The ball python constricts you.
The gnoll hits you with a +0 flail of holy wrath.
* * * LOW HITPOINT WARNING * * *
The gnoll hits you from afar with a +0 spear.
* * * LOW HITPOINT WARNING * * *
Unknown command.
As you read the scroll of teleportation, it crumbles to dust.
You feel strangely unstable. You block the ball python's attack.
The ball python constricts you.
The gnoll hits you with a +0 flail of holy wrath.
You die... #8....#.. .. ..# ...# #.#...##. .#..... .... ######### ...#.. #..# # #.... #..## ..w. ....# #gg

#.#.# #.##S##.#.#
#+# #...g@..#.# #.#
....#.......#
#.#### # #######.#
##.#... #.#
##....## #######.#
#.....#
........######....#
#######......##.#.#
######.####.#
#......#


You could see a worm, 3 gnolls and a ball python.

Vanquished Creatures
  A giant cockroach (D:2)
  2 hobgoblins (D:1)
  3 kobolds (D:1)
  2 quokkas
  3 ball pythons
  3 bats (D:1)
  2 frilled lizards (D:1)
  4 rats (D:1)
20 creatures vanquished.

Notes
Turn   | Place    | Note
-------+----------+-------------------------------------------
     0 | D:1      | olmar the Gargoyle Fighter began the quest for the Orb.
     0 | D:1      | Reached XP level 1. HP: 14/14 MP: 1/1
   464 | D:1      | Reached XP level 2. HP: 19/19 MP: 2/2
  1039 | D:2      | Found a faded altar of an unknown god.
  1118 | D:2      | Slain by a gnoll

Illustrated notes

Levels and vault maps discovered:
D:1:      matt_arrival_diagonals, layout_basic
D:2:      layout_loops_corners, shapermc_ecumenical_altar_petra,
          hangedman_decor_clover_reticule

Action                   || total
-------------------------++-------
Melee: Flail             ||    61
  Use: Scroll            ||     2
       Potion            ||     1
Armor: Scale mail        ||    41
Dodge: Dodged            ||    37
Block: Buckler           ||    21
